 Dungeon Crawl Stone Soup version 0.23.2 (webtiles) character file.

Game seed: 18253075160606787488

28277 cklessthan3 the Blocker (level 13, -1/104 HPs)
             Began as a Gnoll Fighter on Apr 9, 2019.
             Was a High Priest of Qazlal.
             Killed from afar by an oklob plant (7 damage)
             ... with a splash of acid
             ... on level 1 of the Lair of Beasts.
             The game lasted 00:50:32 (11259 turns).

cklessthan3 the Blocker (Gnoll Fighter)            Turns: 11259, Time: 00:50:33

Health: -1/104     AC: 18    Str: 27    XL:     13   Next: 37%
Magic:  25/25      EV:  8    Int:  9    God:    Qazlal [*****.]
Gold:   196        SH: 22    Dex: 15    Spells: 28/28 levels left

rFire    . . .     SeeInvis +   i - +4 hand axe of the Sky {drain, +Fly rElec rPois Int-5}
rCold    . . .     Gourm    .   c - +2 shield
rNeg     . . .     Faith    .   P - +0 crystal plate armour
rPois    +         Spirit   .   n - +1 hat {Int+3}
rElec    +         Reflect  .   L - +0 cloak
rCorr    .         Harm     .   z - +2 pair of gloves
MR       .....                  (no boots)
Stlth    ..........             o - amulet of the acrobat
HPRegen  0.27/turn              I - ring "Buigiz" {Str+4 SInv}
MPRegen  0.19/turn              (no ring)

@: corroded, repel missiles
A: distributed training, fangs 1, strong nose
a: Upheaval, Elemental Force, Disaster Area, Renounce Religion, Evoke Flight


You were on level 1 of the Lair of Beasts.
You worshipped Qazlal.
Qazlal was extremely pleased with you.
You were not hungry.

You visited 2 branches of the dungeon, and saw 14 of its levels.
You also visited: Ossuary.

You collected 948 gold pieces.
You spent 752 gold pieces at shops.

Inventory:

Hand Weapons
 b - a +4 dagger
 i - the +4 hand axe of the Sky (weapon) {drain, +Fly rElec rPois Int-5}
   (You found it on level 9 of the Dungeon)

   A truly terrible weapon, it drains the life of those it strikes.
   It affects your intelligence (-5).
   It insulates you from electricity.
   It protects you from poison.
   It lets you fly.
 m - a +2 dagger of draining
 u - a +6 spear of freezing
 G - a +3 mace
 K - a +3 dagger of draining
 R - a +2 halberd of venom
Missiles
 j - 251 stones (quivered)
Armour
 c - a +2 shield (worn)
 n - a +1 hat of intelligence (worn)
 p - a +0 chain mail of cold resistance
 z - a +2 pair of gloves (worn)
 L - a +0 cloak (worn)
 P - a +0 crystal plate armour (worn)
 S - a +1 ring mail of poison resistance
Jewellery
 o - an amulet of the acrobat (around neck)
 q - an uncursed ring of ice
 I - the ring "Buigiz" (left hand) {Str+4 SInv}
   (You found it on level 10 of the Dungeon)

   [ring of see invisible]

   It affects your strength (+4).
   It lets you see invisible.
 O - a +2 ring of evasion {unknown}
Wands
 a - a wand of enslavement (9)
 w - a wand of flame (41)
 H - a wand of digging (3)
Scrolls
 e - 8 scrolls of remove curse
 l - a scroll of noise {unknown}
 s - 6 scrolls of teleportation
 x - 2 scrolls of fear
 y - 6 scrolls of fog
 C - 3 scrolls of amnesia
 F - a scroll of torment
 Q - 2 scrolls of magic mapping
Potions
 d - 3 potions of might
 g - 3 potions of cancellation
 h - 2 potions of lignification
 k - 2 potions of agility
 r - 2 potions of mutation
 t - 7 potions of flight
 v - a potion of berserk rage
 A - 4 potions of curing
 B - 4 potions of brilliance
 D - a potion of ambrosia
 E - 4 potions of magic
 J - 2 potions of invisibility {unknown}
Comestibles
 f - 23 rations


   Skills:
 + Level 10.4 Fighting
 + Level 8.1 Short Blades
 + Level 8.1 Long Blades
 + Level 8.1 Axes
 + Level 8.1 Maces & Flails
 + Level 9.3 Polearms
 + Level 8.1 Staves
 + Level 8.1 Slings
 + Level 8.1 Bows
 + Level 8.1 Crossbows
 + Level 8.1 Throwing
 + Level 10.4 Armour
 + Level 8.1 Dodging
 + Level 8.1 Stealth
 + Level 10.4 Shields
 + Level 8.1 Unarmed Combat
 + Level 8.1 Spellcasting
 + Level 6.7 Conjurations
 + Level 6.7 Hexes
 + Level 6.7 Charms
 + Level 6.7 Summonings
 + Level 6.7 Necromancy
 + Level 6.7 Translocations
 + Level 6.7 Transmutations
 + Level 6.7 Fire Magic
 + Level 6.7 Ice Magic
 + Level 6.7 Air Magic
 + Level 6.7 Earth Magic
 + Level 6.7 Poison Magic
 + Level 8.9 Invocations
 + Level 8.1 Evocations


You had 28 spell levels left.
You didn't know any spells.
Your spell library contained the following spells:

 Spells                   Type           Power        Failure   Level  Hunger
 Corona                   Hex            ###....      56%         1    None
 Flame Tongue             Conj/Fire      ###..        56%         1    None
 Magic Dart               Conj           ###.         56%         1    None
 Blink                    Tloc           N/A          71%         2    ##.....
 Call Imp                 Summ           ###.....     71%         2    ##.....
 Ensorcelled Hibernation  Hex/Ice        ###...       71%         2    ##.....
 Slow                     Hex            ###.....     71%         2    ##.....
 Throw Flame              Conj/Fire      ###...       71%         2    ##.....
 Confuse                  Hex            ###.....     90%         3    ###....
 Conjure Flame            Conj/Fire      ###.....     90%         3    ###....
 Dazzling Spray           Conj/Hex       ###...       90%         3    ###....
 Inner Flame              Hex/Fire       ###.....     90%         3    ###....
 Mephitic Cloud           Conj/Pois/Air  ###.....     90%         3    ###....
 Tukima's Dance           Hex            ###.....     90%         3    ###....
 Sticky Flame             Conj/Fire      ###.....     100%        4    ####...
 Fireball                 Conj/Fire      ###.......   100%        5    ######.


Dungeon Overview and Level Annotations

Branches:
Dungeon (13/15)            Temple (0/1) D:5            Lair (1/6) D:8
    Orc (0/2) D:12         Vaults (0/5) D:13

Altars:
Ashenzari
Dithmenos
Elyvilon
Fedhas
Hepliaklqana
Nemelex Xobeh
Qazlal
Ru
Sif Muna
Wu Jian
Xom
Yredelemnul
The Shining One

Shops:
D:4 (   D:5 }   D:7 *   D:9 [

Annotations:
Lair:1 exclusion: 3 oklob plants


Innate Abilities, Weirdness & Mutations

Your experience applies equally to all skills.
You have very sharp teeth.
Your uncanny sense of smell can sniff out nearby items.


Message History

You hit the oklob plant but do no damage.
Your water moccasin bites the oklob plant but does no damage.
Your bullfrog completely misses the oklob plant.
The oklob plant spits acid at you. The splash of acid hits you!
You are splashed with acid!
* * * LOW HITPOINT WARNING * * *
The oklob plant is struck by lightning.
The oklob plant spits acid at you. The splash of acid hits you.
* * * LOW HITPOINT WARNING * * *
You are splashed with acid!
* * * LOW HITPOINT WARNING * * *
Your water moccasin bites the oklob plant.
You hit the oklob plant but do no damage.
The oklob plant is almost destroyed.
You hit the oklob plant but do no damage.
Your bullfrog hits the oklob plant but does no damage.
The oklob plant spits acid at you. The splash of acid hits you!
You die...

.....##...†.#......###
!................##
.#............##
#####.?##...P#### #
#.#....###..## #
#......#P..# ###
##PP○P###..# ### ##..
#.°SF###.####.###...
#.P@P#.......#....#.
#.:.?#...#.........#
#P○%%#....#.......##
######.####.###.### ##
### ###


You could see 3 oklob plants, a friendly water moccasin and a friendly bullfrog.

Vanquished Creatures
  Rupert (D:13)
  Gastronok (Lair:1)
  A hydra (D:13)
  3 centaur warriors
  2 two-headed ogres
  A death knight (D:13)
  Urug (D:13)
  Sonja (D:10)
  An unseen horror (D:12)
  A manticore (D:10)
  2 ugly things (D:11)
  Maurice (D:9)
  A gargoyle (D:13)
  Psyche (D:11)
  2 komodo dragons
  4 kobold demonologists (D:12)
  A troll (D:10)
  3 hippogriffs (D:11)
  A redback (shapeshifter) (D:13)
  Sigmund (D:3)
  A wraith (D:11)
  A shadow (D:11)
  16 humans (D:13)
  19 yaks
  A basilisk (Lair:1)
  A hungry ghost (D:10)
  Menkaure (D:5)
  Duvessa (D:5)
  A porcupine (Lair:1)
  7 ice beasts
  2 sky beasts
  4 orc warriors
  A necrophage (D:11)
  2 ogres
  An eye of draining (D:12)
  2 phantoms
  2 black bears
  9 centaurs
  A crocodile (D:10)
  3 big kobolds (D:12)
  10 bullfrogs
  Dowan (D:5)
  9 scorpions
  3 killer bees
  14 wights
  2 howler monkeys
  4 crimson imps
  2 centaur zombies (Ossuary)
  2 jellies
  A quasit (D:12)
  3 bullfrog zombies
  A human zombie (Ossuary)
  9 centaur skeletons
  6 hounds
  7 orc priests
  2 bullfrog skeletons
  A gnoll shaman (D:5)
  10 orc wizards
  2 iguanas
  Ijyb (D:5)
  12 worker ants
  A killer bee zombie (D:8)
  3 mummies (Ossuary)
  A worker ant zombie (D:5)
  A howler monkey skeleton (D:4)
  10 gnolls
  11 adders
  7 scorpion zombies (Ossuary)
  5 shadow imps
  An adder skeleton (D:5)
  5 worms
  6 dart slugs
  6 leopard geckos
  65 orcs
  A giant cockroach (D:3)
  2 gnoll zombies (Ossuary)
  9 goblins
  8 hobgoblins
  13 jackals
  10 kobolds
  4 quokkas
  3 ball pythons
  7 bats
  3 frilled lizards
  6 goblin zombies (Ossuary)
  A hobgoblin zombie (Ossuary)
  A jackal skeleton (D:7)
  A kobold zombie (Ossuary)
  A leopard gecko skeleton (D:5)
  2 orc zombies (Ossuary)
  7 rats
409 creatures vanquished.

Vanquished Creatures (others)
  A plant (Lair:1)
1 creature vanquished.

Grand Total: 410 creatures vanquished

Notes
Turn   | Place    | Note
-------+----------+-------------------------------------------
     0 | D:1      | cklessthan3 the Gnoll Fighter began the quest for the Orb.
     0 | D:1      | Reached XP level 1. HP: 23/23 MP: 1/1
   126 | D:1      | Reached XP level 2. HP: 29/29 MP: 2/2
   272 | D:1      | Reached XP level 3. HP: 35/35 MP: 3/3
   676 | D:2      | Reached skill level 1 in Invocations
   679 | D:2      | Found a stormy altar of Qazlal.
   722 | D:2      | Became a worshipper of Qazlal Stormbringer
   789 | D:2      | Found a deep blue altar of Sif Muna.
   799 | D:2      | Found a hazy altar of Hepliaklqana.
   843 | D:2      | Reached skill level 1 in Short Blades
   843 | D:2      | Reached skill level 1 in Long Blades
   843 | D:2      | Reached skill level 1 in Axes
   843 | D:2      | Reached skill level 1 in Maces & Flails
   843 | D:2      | Reached skill level 1 in Staves
   843 | D:2      | Reached skill level 1 in Slings
   843 | D:2      | Reached skill level 1 in Bows
   843 | D:2      | Reached skill level 1 in Crossbows
   843 | D:2      | Reached skill level 1 in Throwing
   843 | D:2      | Reached skill level 1 in Dodging
   843 | D:2      | Reached skill level 1 in Stealth
   843 | D:2      | Reached skill level 1 in Unarmed Combat
   843 | D:2      | Reached skill level 1 in Spellcasting
   843 | D:2      | Reached skill level 1 in Evocations
   875 | D:2      | Found a white marble altar of Elyvilon.
   907 | D:2      | Reached XP level 4. HP: 40/41 MP: 5/5
  1115 | D:2      | Found a basalt altar of Yredelemnul.
  1378 | D:3      | Noticed Sigmund
  1398 | D:3      | Killed Sigmund
  1398 | D:3      | Reached skill level 1 in Conjurations
  1398 | D:3      | Reached skill level 1 in Hexes
  1398 | D:3      | Reached skill level 1 in Charms
  1398 | D:3      | Reached skill level 1 in Summonings
  1398 | D:3      | Reached skill level 1 in Necromancy
  1398 | D:3      | Reached skill level 1 in Translocations
  1398 | D:3      | Reached skill level 1 in Transmutations
  1398 | D:3      | Reached skill level 1 in Fire Magic
  1398 | D:3      | Reached skill level 1 in Ice Magic
  1398 | D:3      | Reached skill level 1 in Air Magic
  1398 | D:3      | Reached skill level 1 in Earth Magic
  1398 | D:3      | Reached skill level 1 in Poison Magic
  1398 | D:3      | Reached XP level 5. HP: 43/47 MP: 5/7
  1398 | D:3      | Reached XP level 6. HP: 49/53 MP: 5/8
  1412 | D:3      | Reached * piety under Qazlal
  1440 | D:3      | Found a sparkling altar of Nemelex Xobeh.
  1923 | D:3      | Reached skill level 5 in Polearms
  2203 | D:4      | Found a shimmering altar of Xom.
  2271 | D:4      | Reached XP level 7. HP: 59/59 MP: 10/10
  2339 | D:4      | Found a transporter.
  2585 | D:4      | Found a transporter.
  3337 | D:4      | Found Ydweledu's Antique Weapon Shop.
  3840 | D:5      | Entered Level 5 of the Dungeon
  3919 | D:5      | Found Funorchu's Gadget Shop.
  3925 | D:5      | Bought a wand of flame (13) for 90 gold pieces
  3925 | D:5      | Bought a wand of flame (20) for 132 gold pieces
  3929 | D:5      | Found a staircase to the Ecumenical Temple.
  3935 | D:5      | Noticed Ijyb
  3953 | D:5      | Killed Ijyb
  4059 | D:5      | Reached ** piety under Qazlal
  4095 | D:5      | Noticed Menkaure
  4101 | D:5      | Killed Menkaure
  4101 | D:5      | Reached XP level 8. HP: 31/67 MP: 12/12
  4497 | D:5      | Noticed Dowan
  4498 | D:5      | Noticed Duvessa
  4505 | D:5      | Killed Duvessa
  4519 | D:5      | Killed Dowan
  4647 | D:6      | Found a shattered altar of Ashenzari.
  4672 | D:6      | Found a sand-covered staircase.
  4688 | Ossuary  | Entered an ossuary
  4855 | Ossuary  | Reached XP level 9. HP: 70/72 MP: 14/14
  4938 | Ossuary  | Reached *** piety under Qazlal
  5274 | D:6      | Found a sacrificial altar of Ru.
  5274 | D:6      | Found an ornate altar of the Wu Jian Council.
  5297 | D:6      | Found a glowing golden altar of the Shining One.
  5420 | D:6      | You fall through a shaft for 3 floors!
  5420 | D:9      | Found Eblopha's Armour Shop.
  5422 | D:9      | Noticed a centaur warrior
  5452 | D:8      | Reached **** piety under Qazlal
  5801 | D:7      | Found Wyorucia's General Store.
  5812 | D:7      | Reached skill level 5 in Invocations
  5838 | D:7      | Bought a ration for 80 gold pieces
  5856 | D:7      | Found a shadowy altar of Dithmenos.
  5930 | D:7      | Reached XP level 10. HP: 70/80 MP: 17/17
  6801 | D:8      | Reached skill level 5 in Short Blades
  6801 | D:8      | Reached skill level 5 in Long Blades
  6801 | D:8      | Reached skill level 5 in Axes
  6801 | D:8      | Reached skill level 5 in Maces & Flails
  6801 | D:8      | Reached skill level 5 in Staves
  6801 | D:8      | Reached skill level 5 in Slings
  6801 | D:8      | Reached skill level 5 in Bows
  6801 | D:8      | Reached skill level 5 in Crossbows
  6801 | D:8      | Reached skill level 5 in Throwing
  6801 | D:8      | Reached skill level 5 in Dodging
  6801 | D:8      | Reached skill level 5 in Stealth
  6801 | D:8      | Reached skill level 5 in Unarmed Combat
  6801 | D:8      | Reached skill level 5 in Spellcasting
  6801 | D:8      | Reached skill level 5 in Evocations
  7086 | D:8      | Found a staircase to the Lair.
  7295 | D:9      | Noticed Maurice
  7305 | D:9      | Killed Maurice
  7305 | D:9      | Reached ***** piety under Qazlal
  7353 | D:9      | Got a dazzling hand axe
  7354 | D:9      | Identified the +4 hand axe of the Sky {drain, +Fly rElec
                  | rPois Int-5} (You found it on level 9 of the Dungeon)
  7369 | D:9      | Killed a centaur warrior
  7776 | D:9      | Found a blossoming altar of Fedhas.
  7905 | D:10     | Entered Level 10 of the Dungeon
  7914 | D:10     | Noticed a manticore
  7915 | D:10     | Noticed Sonja
  7925 | D:10     | Reached XP level 11. HP: 68/87 MP: 19/19
  7926 | D:10     | Noticed a two-headed ogre
  7936 | D:10     | Killed Sonja
  7936 | D:10     | HP: 2/87 [two-headed ogre/+0 giant spiked club (12)]
  7939 | D:10     | Killed a two-headed ogre
  7939 | D:10     | Reached skill level 5 in Conjurations
  7939 | D:10     | Reached skill level 5 in Hexes
  7939 | D:10     | Reached skill level 5 in Charms
  7939 | D:10     | Reached skill level 5 in Summonings
  7939 | D:10     | Reached skill level 5 in Necromancy
  7939 | D:10     | Reached skill level 5 in Translocations
  7939 | D:10     | Reached skill level 5 in Transmutations
  7939 | D:10     | Reached skill level 5 in Fire Magic
  7939 | D:10     | Reached skill level 5 in Ice Magic
  7939 | D:10     | Reached skill level 5 in Air Magic
  7939 | D:10     | Reached skill level 5 in Earth Magic
  7939 | D:10     | Reached skill level 5 in Poison Magic
  7940 | D:10     | Killed a manticore
  8088 | D:10     | Got a smoking marble ring
  8364 | D:10     | You fall through a shaft!
  8364 | D:11     | Noticed Psyche
  8369 | D:11     | Noticed a brown ugly thing
  8372 | D:11     | Killed Psyche
  8377 | D:11     | Killed a brown ugly thing
  8468 | D:11     | Noticed a brown ugly thing
  8475 | D:11     | Reached XP level 12. HP: 79/96 MP: 22/22
  8493 | D:11     | Reached ****** piety under Qazlal
  9198 | D:11     | You fall through a shaft for 2 floors!
  9205 | D:13     | Identified the ring "Buigiz" {Str+4 SInv} (You found it on
                  | level 10 of the Dungeon)
  9291 | D:13     | Noticed a death knight
  9298 | D:13     | Killed a death knight
  9583 | D:13     | Noticed Urug
  9583 | D:13     | Noticed a centaur warrior
  9593 | D:13     | Noticed a centaur warrior
  9603 | D:13     | Killed Urug
  9610 | D:13     | Killed a centaur warrior
  9623 | D:13     | Noticed Rupert
  9625 | D:13     | Killed a centaur warrior
  9636 | D:13     | Paralysed by Rupert for 2 turns
  9641 | D:13     | Paralysed by Rupert for 5 turns
  9670 | D:13     | Killed Rupert
  9670 | D:13     | Reached skill level 10 in Fighting
  9670 | D:13     | Reached skill level 10 in Armour
  9670 | D:13     | Reached skill level 10 in Shields
  9712 | D:13     | Reached XP level 13. HP: 41/103 MP: 12/24
  9945 | D:13     | Found a gate to the Vaults.
 10787 | D:12     | Found a staircase to the Orcish Mines.
 10840 | D:12     | Found Essanuph's Food Shop.
 10845 | D:12     | Bought a ration for 50 gold pieces
 10845 | D:12     | Bought a ration for 50 gold pieces
 10845 | D:12     | Bought a ration for 50 gold pieces
 10845 | D:12     | Bought a ration for 50 gold pieces
 10845 | D:12     | Bought a ration for 50 gold pieces
 10845 | D:12     | Bought a ration for 50 gold pieces
 10845 | D:12     | Bought a ration for 50 gold pieces
 10845 | D:12     | Bought a ration for 50 gold pieces
 10845 | D:12     | Bought a ration for 50 gold pieces
 10989 | Lair:1   | Entered Level 1 of the Lair of Beasts
 11086 | Lair:1   | Noticed Gastronok
 11103 | Lair:1   | Killed Gastronok
 11259 | Lair:1   | Killed from afar by an oklob plant

Skill      XL: |  1  2  3  4  5  6  7  8  9 10 11 12 13 |
---------------+----------------------------------------+-----
Invocations    | 1 2 3 4 5 6 7 8 |  8.9
Short Blades   | 1 2 3 4 5 6 7 8 |  8.1
Long Blades    | 1 2 3 4 5 6 7 8 |  8.1
Axes           | 1 2 3 4 5 6 7 8 |  8.1
Maces & Flails | 1 2 3 4 5 6 7 8 |  8.1
Staves         | 1 2 3 4 5 6 7 8 |  8.1
Slings         | 1 2 3 4 5 6 7 8 |  8.1
Bows           | 1 2 3 4 5 6 7 8 |  8.1
Crossbows      | 1 2 3 4 5 6 7 8 |  8.1
Throwing       | 1 2 3 4 5 6 7 8 |  8.1
Dodging        | 1 2 3 4 5 6 7 8 |  8.1
Stealth        | 1 2 3 4 5 6 7 8 |  8.1
Unarmed Combat | 1 2 3 4 5 6 7 8 |  8.1
Spellcasting   | 1 2 3 4 5 6 7 8 |  8.1
Evocations     | 1 2 3 4 5 6 7 8 |  8.1
Conjurations   | 1 2 3 4 5 6 |  6.7
Hexes          | 1 2 3 4 5 6 |  6.7
Charms         | 1 2 3 4 5 6 |  6.7
Summonings     | 1 2 3 4 5 6 |  6.7
Necromancy     | 1 2 3 4 5 6 |  6.7
Translocations | 1 2 3 4 5 6 |  6.7
Transmutations | 1 2 3 4 5 6 |  6.7
Fire Magic     | 1 2 3 4 5 6 |  6.7
Ice Magic      | 1 2 3 4 5 6 |  6.7
Air Magic      | 1 2 3 4 5 6 |  6.7
Earth Magic    | 1 2 3 4 5 6 |  6.7
Poison Magic   | 1 2 3 4 5 6 |  6.7
Polearms       | 5 6 7 8 9 |  9.3
Fighting       | 7 8 9 10 | 10.4
Armour         | 7 8 9 10 | 10.4
Shields        | 7 8 9 10 | 10.4

Action                   |  1- 3 |  4- 6 |  7- 9 | 10-12 | 13-15 || total
-------------------------+-------+-------+-------+-------+-------++-------
Melee: Trident           |   129 |   175 |    58 |       |       ||   362
       Bite              |    10 |    18 |    74 |    54 |    38 ||   194
       Dagger            |       |       |   153 |       |       ||   153
       Spear             |       |       |   329 |    98 |       ||   427
       Hand axe          |       |       |       |   340 |   225 ||   565
       Mace              |       |       |       |       |     6 ||     6
Throw: Stone             |       |       |    74 |       |       ||    74
Invok: Upheaval          |       |       |       |     3 |       ||     3
       Disaster Area     |       |       |       |     2 |       ||     2
Evoke: Wand              |       |       |     5 |    20 |       ||    25
  Use: Scroll            |       |    14 |     1 |    13 |     3 ||    31
       Potion            |       |       |       |     7 |     1 ||     8
  Eat: Ration            |       |     2 |     3 |     3 |     2 ||    10
       Chunk             |       |       |     2 |       |     1 ||     3
Armor: Scale mail        |    45 |    36 |    24 |       |       ||   105
       Chain mail        |       |       |    98 |   104 |       ||   202
       Crystal plate arm |       |       |       |    35 |    56 ||    91
Dodge: Dodged            |    35 |    37 |    87 |    97 |    39 ||   295
       Deflected         |       |       |     1 |    13 |     3 ||    17
Block: Shield            |    63 |    69 |   261 |   442 |   184 ||  1019
